 Dungeon Crawl Stone Soup version 0.29-a0-275-g389c0b56f3 (webtiles) character file.

Game seed: 16176162098706528556

15 jmlagarto the Chiller (level 2, 0/19 HPs)
             Began as a Human Ice Elementalist on Mar 11, 2022.
             Was a Follower of Kikubaaqudgha.
             Constricted to death by a ball python (1 damage)
             ... on level 1 of the Dungeon.
             The game lasted 00:02:02 (451 turns).

jmlagarto the Chiller (Human Ice Elementalist)       Turns: 451, Time: 00:02:02

Health: 0/19       AC:  2    Str:  8    XL:     2   Next: 65%
Magic:  5/5        EV:  9    Int: 15    God:    Kikubaaqudgha [*.....]
Gold:   0          SH:  0    Dex: 19    Spells: 4/5 levels left

rFire   . . .      SeeInvis .   (no weapon)
rCold   . . .      Faith    .   (no shield)
rNeg    . . .      Spirit   .   a - +0 robe
rPois   .          Reflect  .   (no helmet)
rElec   .          Harm     .   (no cloak)
rCorr   .          Rampage  .   (no gloves)
Will    .....                   (no boots)
Stlth   ++........              (no amulet)
HPRegen 0.06/turn               d - +6 ring of dexterity
MPRegen 0.09/turn               (no ring)

@: constricted
A: no striking features
a: Renounce Religion, Receive Corpses


You were on level 1 of the Dungeon.
You worshipped Kikubaaqudgha.
Kikubaaqudgha was aware of your devotion.
You visited 1 branch of the dungeon, and saw 1 of its levels.

Inventory:

Armour
 a - a +0 robe (worn)
Jewellery
 d - a +6 ring of dexterity (left hand)
Scrolls
 c - a scroll of identify {unknown}


   Skills:
 + Level 2.1 Dodging
 + Level 2.1 Stealth
 + Level 2.0 Spellcasting
 + Level 4.5 Ice Magic


You had 4 spell levels left.
You knew the following spells:

 Your Spells              Type           Power      Damage    Failure   Level
a - Freeze                Ice            60%        1d8       3%          1

Your spell library contained the following spells:

 Spells                   Type           Power      Damage    Failure   Level
 Frozen Ramparts          Ice            30%        1d5       11%         3
 Ozocubu's Armour         Ice            15%        N/A       11%         3
 Animate Skeleton         Necr           2%         N/A       22%         1
 Pain                     Necr           4%         1d4       22%         1
 Corpse Rot               Necr/Air       2%         N/A       32%         2
 Vampiric Draining        Necr           1%         2d6       54%         3
 Hailstorm                Conj/Ice       8%         3d4       65%         4


Dungeon Overview and Level Annotations

Branches:
Dungeon (1/15)

Altars:
Kikubaaqudgha


Message History

The jackal is severely wounded.
The jackal bites you.
Aiming: Freeze (safe; 3% risk of failure)
Press: ? - help, Q - select action, (/) - cycle Shift-Dir - straight line, f - jackal
Aim: a jackal (severely wounded)
You freeze the jackal.
You kill the jackal!
Kikubaaqudgha accepts your kill.
You don't have enough magic to cast this spell.
Okay, then.
You don't have enough magic to cast this spell.
Unknown command.
You barely miss the ball python. The ball python misses you.
The ball python completely misses you.
You closely miss the ball python. The ball python closely misses you.
The ball python grabs you. The ball python constricts you.
The ball python barely misses you. The ball python constricts you.
You hit the ball python.
The ball python is moderately wounded.
The ball python barely misses you. The ball python constricts you.
You don't have enough magic to cast this spell.
You barely miss the ball python.
The ball python is moderately wounded.
The ball python bites you. The ball python constricts you.
You barely miss the ball python.
The ball python is moderately wounded.
The ball python bites you but does no damage.
The ball python constricts you.
You hit the ball python.
The ball python is severely wounded.
The ball python bites you.
* * * LOW HITPOINT WARNING * * *
The ball python constricts you.
* * * LOW HITPOINT WARNING * * *
You don't have enough magic to cast this spell.
Magic courses through your body. The ball python bites you.
* * * LOW HITPOINT WARNING * * *
The ball python constricts you.
You die...
Kikubaaqudgha rasps: "You have failed me!
Welcome... death!"

.###....# #.#.# .#G#....#
#.#.# .###....# #.#.#
........# #.#.# .
........########.#.# ...
..............##.#.#!....
.###.....(....+...h......
.#G#..........##S#.#.....
.###.#........##@#.# ...
†.............'..#.# .
.......#.##...####.###
..........+...'.......
.......#.##...####...#
..(....#.##)..# ## #
.......#.##...#
'#.....#.##...#
'#.....#'##.÷.#


You could see a ball python.

Vanquished Creatures
  2 endoplasms (D:1)
  A giant cockroach (D:1)
  2 goblins (D:1)
  A hobgoblin (D:1)
  4 jackals (D:1)
  A ball python (D:1)
  A kobold (D:1)
12 creatures vanquished.

Notes
Turn   | Place    | Note
-------+----------+-------------------------------------------
     0 | D:1      | jmlagarto the Human Ice Elementalist began the quest for
                  | the Orb.
     0 | D:1      | Reached XP level 1. HP: 13/13 MP: 3/3
     6 | D:1      | Noticed a five-headed hydra
     6 | D:1      | Noticed an iguana
     6 | D:1      | Noticed a black mamba
     7 | D:1      | Noticed a polar bear
   231 | D:1      | Noticed a great orb of eyes
   233 | D:1      | Found a faded altar of an unknown god.
   236 | D:1      | Reached XP level 2. HP: 19/19 MP: 3/5
   259 | D:1      | Noticed an eye of devastation
   259 | D:1      | Noticed a golden eye
   259 | D:1      | Noticed a golden eye
   266 | D:1      | Prayed at the altar of an unknown god.
   266 | D:1      | Became a worshipper of Kikubaaqudgha
   266 | D:1      | Reached * piety under Kikubaaqudgha
   266 | D:1      | Received a gift from Kikubaaqudgha
   451 | D:1      | Constricted to death by a ball python

Illustrated notes

Levels and vault maps discovered:
D:1:      onia_arrival_zoo_common, layout_basic,
          hellmonk_ecumenical_altar_watching_god

Action                   || total
-------------------------++-------
Melee: Unarmed           ||    13
       Punch             ||     1
 Cast: Freeze            ||    20
  Use: Potion            ||     1
Armor: Robe              ||     2
Dodge: Dodged            ||    22

Table legend: (Time is in decaauts)
 A = Elapsed time spent in this place.
 B = Non-inter-level travel time spent in this place.
 C = Inter-level travel time spent in this place.
 D = Time resting spent in this place.
 E = Time spent auto-exploring this place.
 F = Levels seen in this place.
 G = Mean time per level.
                   A        B        C        D        E       F      G
               +--------+--------+--------+--------+--------+-----+--------+
         Total |    450 |    450 |      0 |      0 |    360 |   1 |  450.0 |
       Dungeon |    450 |    450 |      0 |      0 |    360 |   1 |  450.0 |
               +--------+--------+--------+--------+--------+-----+--------+

Top non-repeatable levels by time:
     D:1: 450 daAuts
